MID
DELMARVA SHOREBIRDS @ QUAD CITIES RIVER BANDITS
08/11/2049
 
TOP OF THE 1ST
Delmarva Shorebirds batting - Pitching for Quad Cities River Bandits : RHP Manny Bonilla
Pitching: RHP Manny Bonilla
Batting: RHB Josh Hopp 0-0: Called Strike
0-1: Ball
1-1: Ball
2-1: Foul Ball, location: 2F
2-2: Ball
3-2: Strikes out looking
Batting: LHB Sam Williams 0-0: Called Strike
0-1: Foul Ball, location: 2F
0-2: Foul Ball, location: 2F
0-2: Ball
1-2: Strikes out swinging
Batting: LHB Vinny Rivera 0-0: Ball
1-0: Called Strike
1-1: Foul Ball, location: 2F
1-2: Strikes out looking
Top of the 1st over - 0 runs, 0 hits, 0 errors, 0 left on base; Delmarva 0 - Quad Cities 0
BOTTOM OF THE 1ST
Quad Cities River Bandits batting - Pitching for Delmarva Shorebirds : LHP Jason Williams
Pitching: LHP Jason Williams
Batting: RHB Omar Amaya 0-0: Ball
1-0: Ball
2-0: Fly out, F7 (Line Drive, 7LM, EV 92.5 MPH)
Batting: RHB Sean Mounts 0-0: Ball
1-0: Called Strike
1-1: SINGLE (Groundball, 6MD, EV 107.5 MPH)
Batting: RHB Xavier Castaneda 0-0: Called Strike
0-1: Ball
1-1: Swinging Strike
1-2: Foul Ball, location: 2F
1-2: Ball
2-2: Strikes out swinging
Batting: RHB Andrew Pride 0-0: Ball
1-0: Ball
2-0: Ball
3-0: Base on Balls
Sean Mounts to second
Batting: RHB Drew Coleman 0-0: Ball
1-0: Ground out 6-3 (Groundball, 6S, EV 82.5 MPH)
Bottom of the 1st over - 0 runs, 1 hit, 0 errors, 2 left on base; Delmarva 0 - Quad Cities 0
TOP OF THE 2ND
Delmarva Shorebirds batting - Pitching for Quad Cities River Bandits : RHP Manny Bonilla
Batting: RHB Marquis Major 0-0: Called Strike
0-1: Ball
1-1: Ball
2-1: Ball
3-1: Base on Balls
Batting: RHB C.J. Wells 0-0: Foul Ball, location: 2F
0-1: Swinging Strike
0-2: Strikes out swinging
Batting: RHB Carlos Teniente 0-0: Ball
1-0: Called Strike
1-1: Foul Ball, location: 2F
1-2: Ball
2-2: Ball
3-2: Fly out, F9 (Flyball, 9, EV 93.1 MPH)
Batting: RHB Matthew Neal 0-0: Ball
1-0: Fielders Choice at 2nd, 6-4 (Groundball, 6, EV 101.2 MPH)
Top of the 2nd over - 0 runs, 0 hits, 0 errors, 1 left on base; Delmarva 0 - Quad Cities 0
BOTTOM OF THE 2ND
Quad Cities River Bandits batting - Pitching for Delmarva Shorebirds : LHP Jason Williams
Batting: RHB Dave Gallegos 0-0: SINGLE (Groundball, 56D, EV 107.5 MPH)
Batting: LHB Jackson Trottier 0-0: Ball
1-0: Called Strike
1-1: Foul Ball, location: 2F
1-2: Foul Ball, location: 2F
1-2: Fielders Choice at 2nd, 5-4 (Groundball, 5D, EV 89.4 MPH)
Batting: RHB Oren Jones 0-0: Called Strike
0-1: Ground out 6-3 (Groundball, 6S, EV 63.8 MPH)
Jackson Trottier to second
Batting: SHB Benoît Morin 0-0: Ground out 5-3 (Groundball, 5, EV 80.6 MPH)
Bottom of the 2nd over - 0 runs, 1 hit, 0 errors, 1 left on base; Delmarva 0 - Quad Cities 0
TOP OF THE 3RD
Delmarva Shorebirds batting - Pitching for Quad Cities River Bandits : RHP Manny Bonilla
Batting: RHB Ruben Domingues 0-0: Swinging Strike
0-1: Foul Ball, location: 2F
0-2: Ball
1-2: Strikes out looking
Batting: RHB Juan Eyrich 0-0: Called Strike
0-1: Ball
1-1: Ball
2-1: Foul Ball, location: 2F
2-2: Foul Ball, location: 2F
2-2: Strikes out swinging, 2-3 out at first.
Batting: RHB Josh Hopp 0-0: Called Strike
0-1: Ball
1-1: Ball
2-1: Foul Ball, location: 2F
2-2: Foul Ball, location: 2F
2-2: Ground out U3 (Groundball, 34S, EV 67.5 MPH)
Top of the 3rd over - 0 runs, 0 hits, 0 errors, 0 left on base; Delmarva 0 - Quad Cities 0
BOTTOM OF THE 3RD
Quad Cities River Bandits batting - Pitching for Delmarva Shorebirds : LHP Jason Williams
Batting: RHB Omar Amaya 0-0: Ball
1-0: Called Strike
1-1: Foul Ball, location: 2F
1-2: Ball
2-2: Ground out 5-3 (Groundball, 15, EV 83.1 MPH)
Batting: RHB Sean Mounts 0-0: Ball
1-0: Called Strike
1-1: Ball
2-1: DOUBLE (Line Drive, 89D, EV 103.8 MPH)
Batting: RHB Xavier Castaneda 0-0: Called Strike
Sean Mounts steals 3rd base
0-1: Ball
1-1: Ball
2-1: DOUBLE (Flyball, 7LD, EV 96.9 MPH)
Sean Mounts scores
Batting: RHB Andrew Pride 0-0: Foul Ball, location: 2F
0-1: Foul Ball, location: 2F
0-2: Ball
1-2: Ground out 5-3 (Groundball, 5, EV 83.1 MPH)
Batting: RHB Drew Coleman 0-0: Foul Ball, location: 2F
0-1: Ball
1-1: Ball
2-1: Swinging Strike
2-2: Foul Ball, location: 2F
2-2: Strikes out swinging
Bottom of the 3rd over - 1 run, 2 hits, 0 errors, 1 left on base; Delmarva 0 - Quad Cities 1
TOP OF THE 4TH
Delmarva Shorebirds batting - Pitching for Quad Cities River Bandits : RHP Manny Bonilla
Batting: LHB Sam Williams 0-0: Ground out 3-1 (Groundball, 34, EV 104.4 MPH)
Batting: LHB Vinny Rivera 0-0: Swinging Strike
0-1: Ball
1-1: Swinging Strike
1-2: Strikes out swinging
Batting: RHB Marquis Major 0-0: Foul Ball, location: 2F
0-1: DOUBLE (Groundball, 5L, EV 101.9 MPH)
Batting: RHB C.J. Wells 0-0: Ball
Wild Pitch!
Marquis Major to third
1-0: Foul Ball, location: 2F
1-1: Ball
2-1: Swinging Strike
2-2: Strikes out swinging
Top of the 4th over - 0 runs, 1 hit, 0 errors, 1 left on base; Delmarva 0 - Quad Cities 1
BOTTOM OF THE 4TH
Quad Cities River Bandits batting - Pitching for Delmarva Shorebirds : LHP Jason Williams
Batting: RHB Dave Gallegos 0-0: Foul Ball, location: 2F
0-1: Ball
1-1: SOLO HOME RUN (Line Drive, 7LD, EV 98.1 MPH), Distance : 372 ft
Batting: LHB Jackson Trottier 0-0: Ball
1-0: Fly out, F8 (Flyball, 8LD, EV 90.6 MPH)
Batting: RHB Oren Jones 0-0: Called Strike
0-1: Swinging Strike
0-2: Foul Ball, location: 2F
0-2: Ball
1-2: Ball
2-2: Foul Ball, location: 2F
2-2: Ground out 4-3 (Groundball, 4, EV 87.5 MPH)
Batting: SHB Benoît Morin 0-0: Ball
1-0: Called Strike
1-1: Called Strike
1-2: Ball
2-2: Strikes out looking
Bottom of the 4th over - 1 run, 1 hit, 0 errors, 0 left on base; Delmarva 0 - Quad Cities 2
TOP OF THE 5TH
Delmarva Shorebirds batting - Pitching for Quad Cities River Bandits : RHP Manny Bonilla
Batting: RHB Carlos Teniente 0-0: Ground out U3 (Groundball, 34, EV 103.1 MPH)
Batting: RHB Matthew Neal 0-0: Called Strike
0-1: Ball
1-1: Ball
2-1: Swinging Strike
2-2: Fly out, F7 (Flyball, 7LM, EV 100.6 MPH)
Batting: RHB Ruben Domingues 0-0: Called Strike
0-1: Fly out, F8 (Flyball, 8LD, EV 88.8 MPH)
Top of the 5th over - 0 runs, 0 hits, 0 errors, 0 left on base; Delmarva 0 - Quad Cities 2
BOTTOM OF THE 5TH
Quad Cities River Bandits batting - Pitching for Delmarva Shorebirds : LHP Jason Williams
Batting: RHB Omar Amaya 0-0: Called Strike
0-1: SINGLE (Line Drive, 6MD, EV 99.4 MPH)
Batting: RHB Sean Mounts 0-0: Foul Ball, location: 2F
0-1: SINGLE (Groundball, 56D, EV 105.0 MPH)
Omar Amaya to second
Batting: RHB Xavier Castaneda 0-0: Ball
1-0: Swinging Strike
1-1: Ball
2-1: Ball
3-1: Foul Ball, location: 2F
3-2: Foul Ball, location: 2F
3-2: Ground out 4-3 (Groundball, 4S, EV 76.9 MPH)
Omar Amaya to third
Sean Mounts to second
Batting: RHB Andrew Pride 0-0: Ball
1-0: Ball
2-0: Foul Ball, location: 2F
2-1: Ball
3-1: Ground out 3-1 (Groundball, 3S, EV 65.6 MPH)
Omar Amaya scores
Sean Mounts to third
Batting: RHB Drew Coleman 0-0: Ball
1-0: Fly out, F8 (Flyball, 8RXD, EV 91.9 MPH)
Bottom of the 5th over - 1 run, 2 hits, 0 errors, 1 left on base; Delmarva 0 - Quad Cities 3
TOP OF THE 6TH
Delmarva Shorebirds batting - Pitching for Quad Cities River Bandits : RHP Manny Bonilla
Batting: RHB Juan Eyrich 0-0: Ball
1-0: Called Strike
1-1: Foul Ball, location: 2F
1-2: Foul Ball, location: 2F
1-2: Strikes out looking
Batting: RHB Josh Hopp 0-0: Called Strike
0-1: Ball
1-1: Swinging Strike
1-2: Foul Ball, location: 2F
1-2: Ball
2-2: SOLO HOME RUN (Flyball, 9D, EV 98.8 MPH), Distance : 365 ft
Batting: LHB Sam Williams 0-0: Called Strike
0-1: Called Strike
0-2: Ball
1-2: Strikes out looking
Batting: LHB Vinny Rivera 0-0: Ball
1-0: Ground out 3-1 (Groundball, 34S, EV 68.1 MPH)
Top of the 6th over - 1 run, 1 hit, 0 errors, 0 left on base; Delmarva 1 - Quad Cities 3
BOTTOM OF THE 6TH
Quad Cities River Bandits batting - Pitching for Delmarva Shorebirds : LHP Jason Williams
Batting: RHB Dave Gallegos 0-0: Called Strike
0-1: Ball
1-1: Swinging Strike
1-2: Ball
2-2: Ball
3-2: Hit by Pitch
Pitching: RHP Zhao-jun Zong
Batting: LHB Jackson Trottier 0-0: Ball
1-0: Foul Ball, location: 2F
1-1: Ball
2-1: Foul Ball, location: 2F
2-2: Fly out, F5 (Popup, 25F, EV 85.0 MPH)
Batting: RHB Oren Jones 0-0: Foul Ball, location: 2F
0-1: Ball
1-1: Swinging Strike
1-2: Foul Ball, location: 2F
1-2: Strikes out swinging
Batting: SHB Benoît Morin 0-0: Called Strike
0-1: Ball
1-1: Called Strike
1-2: Fielders Choice at 2nd, 6-4 (Groundball, 6, EV 85.6 MPH)
Bottom of the 6th over - 0 runs, 0 hits, 0 errors, 1 left on base; Delmarva 1 - Quad Cities 3
TOP OF THE 7TH
Delmarva Shorebirds batting - Pitching for Quad Cities River Bandits : RHP Manny Bonilla
Pitching: RHP Jose Herrera
Batting: RHB Marquis Major 0-0: Foul Ball, location: 2F
0-1: Ball
1-1: Swinging Strike
1-2: Strikes out swinging
Batting: RHB C.J. Wells 0-0: Ground out 4-3 (Groundball, 4, EV 79.4 MPH)
Batting: RHB Carlos Teniente 0-0: Ball
1-0: Called Strike
1-1: Ball
2-1: Foul Ball, location: 2F
2-2: Strikes out looking
Top of the 7th over - 0 runs, 0 hits, 0 errors, 0 left on base; Delmarva 1 - Quad Cities 3
BOTTOM OF THE 7TH
Quad Cities River Bandits batting - Pitching for Delmarva Shorebirds : RHP Zhao-jun Zong
Batting: RHB Omar Amaya 0-0: Ball
1-0: SINGLE (Flyball, 89S, EV 98.8 MPH)
Batting: RHB Sean Mounts 0-0: Called Strike
Omar Amaya is caught stealing 2nd base 2-4
0-1: Foul Ball, location: 2F
0-2: Ground out 5-3 (Groundball, 5S, EV 84.4 MPH)
Batting: RHB Xavier Castaneda 0-0: Called Strike
0-1: Swinging Strike
0-2: Ball
1-2: Ball
2-2: Ball
3-2: Foul Ball, location: 2F
3-2: Strikes out swinging
Bottom of the 7th over - 0 runs, 1 hit, 0 errors, 0 left on base; Delmarva 1 - Quad Cities 3
TOP OF THE 8TH
Delmarva Shorebirds batting - Pitching for Quad Cities River Bandits : RHP Jose Herrera
Pitching: LHP Glenn Lowther
Batting: RHB Matthew Neal 0-0: Called Strike
0-1: Fly out, F9 (Flyball, 89S, EV 84.4 MPH)
Batting: RHB Ruben Domingues 0-0: Ball
1-0: Swinging Strike
1-1: Fly out, F8 (Flyball, 8LXD, EV 103.1 MPH)
Batting: RHB Juan Eyrich 0-0: Called Strike
0-1: Swinging Strike
0-2: Ball
1-2: Strikes out looking
Top of the 8th over - 0 runs, 0 hits, 0 errors, 0 left on base; Delmarva 1 - Quad Cities 3
BOTTOM OF THE 8TH
Quad Cities River Bandits batting - Pitching for Delmarva Shorebirds : RHP Zhao-jun Zong
Batting: RHB Andrew Pride 0-0: Called Strike
0-1: Called Strike
0-2: Ball
1-2: Ball
2-2: Strikes out swinging
Batting: RHB Drew Coleman 0-0: Ball
1-0: Hit by Pitch
Batting: RHB Dave Gallegos 0-0: Called Strike
Drew Coleman steals 2nd base
0-1: Ball
1-1: Swinging Strike
1-2: Ball
2-2: SINGLE (Groundball, 34D, EV 105.6 MPH)
Drew Coleman to third
Runner from 3rd tries for Home, throw by RF and OUT! 9-2
Batting: LHB Jackson Trottier 0-0: Foul Ball, location: 2F
0-1: Foul Ball, location: 2F
0-2: Fielders Choice at 2nd, 5-4 (Groundball, 5, EV 108.8 MPH)
Bottom of the 8th over - 0 runs, 1 hit, 0 errors, 1 left on base; Delmarva 1 - Quad Cities 3
TOP OF THE 9TH
Delmarva Shorebirds batting - Pitching for Quad Cities River Bandits : LHP Glenn Lowther
Pitching: RHP Kevin Zika
Batting: RHB Josh Hopp 0-0: Ball
1-0: Called Strike
1-1: Ball
2-1: Swinging Strike
2-2: Foul Ball, location: 2F
2-2: Ball
3-2: Strikes out swinging
Batting: LHB Sam Williams 0-0: Ball
1-0: Swinging Strike
1-1: Hit by Pitch
Batting: LHB Vinny Rivera 0-0: Foul Ball, location: 2F
0-1: Foul Ball, location: 2F
0-2: Ball
1-2: Foul Ball, location: 2F
1-2: Ball
2-2: Foul Ball, location: 2F
2-2: Strikes out swinging
Batting: RHB Marquis Major 0-0: Foul Ball, location: 2F
0-1: Foul Ball, location: 2F
0-2: Ball
1-2: Hit by Pitch
Sam Williams to second
Pinch Hitting: LHB Xue-liang Zhou 0-0: Called Strike
0-1: Ground out 4-3 (Groundball, 4, EV 91.9 MPH)
Top of the 9th over - 0 runs, 0 hits, 0 errors, 2 left on base; Delmarva 1 - Quad Cities 3
Sunday, July 16th , 2023 - OOTP Baseball 24.6 Build 69